 Dungeon Crawl Stone Soup version 0.23.2 (webtiles) character file.

Game seed: 5883922992184534207

310 Descartes the Shield-Bearer (level 6, -4/48 HPs)
             Began as a Formicid Fighter on Apr 13, 2019.
             Was an Initiate of Cheibriados.
             Killed by nerve-wracking pain
             ... invoked by an orc priest
              (14 damage)
             ... on level 4 of the Dungeon.
             The game lasted 00:08:18 (3400 turns).

Descartes the Shield-Bearer (Formicid Fighter)      Turns: 3400, Time: 00:08:19

Health: -4/48      AC: 10    Str: 29    XL:     6   Next: 69%
Magic:  6/6        EV:  8    Int:  9    God:    Cheibriados [......]
Gold:   259        SH: 11    Dex: 13    Spells: 5/5 levels left

rFire    . . .     SeeInvis +   g - +0 battleaxe
rCold    . . .     Gourm    +   c - +0 shield
rNeg     . . .     Faith    .   x - +0 chain mail
rPois    .         Spirit   .   (helmet unavailable)
rElec    .         Reflect  .   r - +0 cloak
rCorr    .         Harm     .   (no gloves)
MR       .....                  (no boots)
Stlth    ..........             n - amulet of the gourmand
HPRegen  0.16/turn              h - +3 ring of strength
MPRegen  0.10/turn              (no ring)

@: mighty, very slow
A: permanent stasis, dig shafts and tunnels, four strong arms, antennae 3
a: Dig, Shaft Self, Bend Time, Renounce Religion


You were on level 4 of the Dungeon.
You worshipped Cheibriados.
Cheibriados was noncommittal.
You were completely stuffed.

You visited 2 branches of the dungeon, and saw 5 of its levels.

You collected 259 gold pieces.

Inventory:

Hand Weapons
 a - a +1 war axe
 g - a +0 battleaxe (weapon)
 m - a +0 mace
 q - a +4 quarterstaff of chaos
Missiles
 i - 12 curare-tipped needles
 w - 31 poisoned needles
Armour
 c - a +0 shield (worn)
 r - a +0 cloak (worn)
 x - a +0 chain mail (worn)
Jewellery
 h - a +3 ring of strength (left hand)
 n - an amulet of the gourmand (around neck)
Scrolls
 e - 5 scrolls of teleportation
 l - 6 scrolls of identify
 o - 2 scrolls of amnesia {unknown}
 v - a scroll of enchant armour {unknown}
Potions
 j - 2 potions of resistance {unknown}
 k - a potion of curing
 p - a potion of berserk rage
 s - a potion of heal wounds {unknown}
 t - a potion of flight {unknown}
 u - a potion of haste {unknown}
Comestibles
 b - 2 chunks of flesh
 f - 5 rations


   Skills:
 + Level 4.0 Fighting
 * Level 3.7 Axes
 * Level 4.8 Armour
 + Level 1.5 Dodging
 * Level 5.1 Shields


You had 5 spell levels left.
You didn't know any spells.
Your spell library was empty.

Dungeon Overview and Level Annotations

Branches:
Dungeon (4/15)             Temple (1/1) D:4

Altars:
Ashenzari
Cheibriados
Dithmenos
Elyvilon
Fedhas
Gozag
Hepliaklqana
Kikubaaqudgha
Makhleb
Nemelex Xobeh
Qazlal
Ru
Trog
Vehumet
Wu Jian
Xom
Yredelemnul
Zin

Annotations:
D:2 Robin


Innate Abilities, Weirdness & Mutations

You cannot be hasted, slowed, berserked, paralysed or teleported.
You can dig through walls and to a lower floor.
Your four strong arms can wield two-handed weapons with a shield.
You have a pair of large antennae on your head. (SInv)


Message History

Beogh smites you!
* * * LOW HITPOINT WARNING * * *
You block the orc's attack.
You dig through the rock wall.
You dig through the rock wall.
The orc hits you with a +0 whip.
* * * LOW HITPOINT WARNING * * *
You dig through the rock wall.
You feel better. You block the orc's attack.
You feel very mighty all of a sudden. The orc barely misses you.
You retract your mandibles.
You barely miss the orc. You block the orc's attack.
The orc completely misses you.
You slice the orc!!
You kill the orc!
Cheibriados thoroughly appreciates the change of pace.
The orc priest hits you but does no damage.
Your shield and chain mail prevent you from hitting the orc priest.
The orc priest mumbles some strange prayers to Beogh against you.
Pain shoots through your body!
You die...

#### ...... .......
### .......########o##
............##{#@#
............#{####
...###......##.######
.....+........{.o.o...
...###......##########
.....#......#
#########
.###.#......#
#........ .#
#.#......# #........
.# #.....####
#........


You could see an orc priest.

Vanquished Creatures
  Crazy Yiuf (D:2)
  2 centaur skeletons (D:4)
  An orc wizard (D:4)
  Jessica (D:2)
  Terence (D:2)
  A worker ant (D:4)
  A howler monkey skeleton (D:4)
  3 adders
  5 dart slugs
  A leopard gecko (D:3)
  4 orcs
  15 goblins
  4 hobgoblins
  6 jackals
  7 kobolds
  2 quokkas (D:4)
  A ball python (D:1)
  7 bats
  4 frilled lizards
  4 rats
  A plant (D:1)
72 creatures vanquished.

Notes
Turn   | Place    | Note
-------+----------+-------------------------------------------
     0 | D:1      | Descartes the Formicid Fighter began the quest for the Orb.
     0 | D:1      | Reached XP level 1. HP: 18/18 MP: 1/1
    85 | D:1      | Reached XP level 2. HP: 24/24 MP: 2/2
   252 | D:1      | Reached XP level 3. HP: 22/29 MP: 3/3
   256 | D:1      | Reached skill level 4 in Shields
   849 | D:2      | Reached XP level 4. HP: 26/35 MP: 4/4
  1023 | D:2      | Noticed Jessica
  1034 | D:2      | Killed Jessica
  1123 | D:2      | Found a runed translucent door.
  1124 | D:2      | Noticed Crazy Yiuf
  1137 | D:2      | Killed Crazy Yiuf
  1137 | D:2      | Reached skill level 1 in Dodging
  1137 | D:2      | Reached XP level 5. HP: 12/42 MP: 5/5
  1483 | D:2      | Noticed Robin
  1629 | D:2      | Noticed Terence
  1646 | D:2      | Killed Terence
  2555 | D:4      | Found a staircase to the Ecumenical Temple.
  2564 | Temple   | Entered the Ecumenical Temple
  2786 | Temple   | Became a worshipper of Cheibriados the Contemplative
  2870 | D:4      | Reached XP level 6. HP: 44/48 MP: 6/6
  2873 | D:4      | Reached skill level 5 in Shields
  3394 | D:4      | HP: 2/48 [orc/+0 whip (3)]
  3400 | D:4      | Killed from afar by an orc priest

Skill      XL: |  1  2  3  4  5  6 |
---------------+-------------------+-----
Shields        | 4 5 |  5.1
Armour         | 4 |  4.8
Axes           | 3 |  3.7
Dodging        | 1 |  1.5
Fighting       | 4 |  4.0

Action                   |  1- 3 |  4- 6 || total
-------------------------+-------+-------++-------
Melee: War axe           |   122 |    36 ||   158
       Quarterstaff      |       |    62 ||    62
       Battleaxe         |       |    41 ||    41
 Abil: Dig               |       |     1 ||     1
  Use: Scroll            |       |     4 ||     4
       Potion            |       |     2 ||     2
  Eat: Chunk             |       |    22 ||    22
Armor: Scale mail        |    31 |    22 ||    53
       Chain mail        |       |    33 ||    33
Dodge: Dodged            |    35 |    47 ||    82
Block: Shield            |    52 |    88 ||   140
